Unix NetHack Version 5.0.0-0 post-release - last build Jun 10 2026 00:39:30 (3ee93aec679c4c4259841fe613dc97188e26a321,branch:main).

Game began 2026-07-10 06:23:40, ended 2026-07-10 07:47:23.

BATTLEMODE, chaotic female elven Wizard

                         -----------
                         |^.....{..|             ---.------
                        #..........|             |=.......|
                     ####----.------             |.f.:.>...
                      # #######                  ....a_...|
                      #      ##                  |..@d....|
                     ##       #                  --------.-
                     #        #                         # #
                     #        #                            #
                     #        ####                          *
               ------#           #                           #
               |....|#           #                            #
               |....|#          -.--------      ------------   #
               |....|#          |........|      |........%..#####
               |....|#          |........|      |..........|   `
               |....|#          |........|      ...........|
               |<...-#          |........|     #------------
               ------##         |.........#####%############
                                ----------

BATTLEMODE the Thaumaturge  St:14 Dx:10 Co:13 In:19 Wi:10 Ch:9  Chaotic
Dlvl:6  $:122 HP:0(48) Pw:7(63) AC:4  Xp:6 T:2991  Satiated

Latest messages:
 The ettin mummy hits!
 The ettin mummy hits again!
 You hear some noises in the distance.
 You hit the ettin mummy!
 The ettin mummy hits!
 The ettin mummy hits again!
 There is a partly eaten tengu corpse here; eat it? [ynq] (n) y
 You resume your meal.
 You finish eating the tengu corpse.
 You see here 4 gold pieces.
 $ - 4 gold pieces (122 in total).
 Call a twisted ring: Monster Attracting?
 You hear the chime of a cash register.
 You hit the lizard.
 You miss the lizard.
 You hit the lizard!
 The lizard bites!
 A jackal suddenly appears close by!
 A jackal suddenly appears!
 A jackal suddenly appears close by!
 You miss the lizard.
 The lizard bites!
 What do you want to drop? [$a-eghnos-zAD-HJ-N or ?*] ?
 You drop a ring called Monster Attracting?.
 Pick a monster, object or location.
 Pick a monster, object or location.
 The '5' prefix should be followed by a movement command.
 The jackal bites!
 The lizard bites!
 Behemoth bites the jackal.
 The jackal is killed!
 You hit the lizard.
 You knock the lizard backward with a forceful blow!
 You hear a door open.
 The jackal bites!
 The soldier ant bites!
 The soldier ant stings!
 You miss the soldier ant.
 The jackal bites!
 The soldier ant bites!
 The soldier ant stings!
 The soldier ant bites!
 The soldier ant stings!
 The soldier ant's sting was poisoned!
 You die...
 Do you want your possessions identified? [ynq] (y) y
 Do you want to see your attributes? [ynq] (y) y
 Do you want an account of creatures vanquished? [ynaq] (y) y
 Do you want to see your conduct and achievements? [ynq] (y) y
 Do you want to see the dungeon overview? [ynq] (y) y

Inventory:
 Coins    ('$')
  $ - 122 gold pieces
 Weapons  (')')
  L - a blessed +0 elven dagger (at the ready)
  a - a blessed +1 quarterstaff (weapon in hands)
 Armor    ('[')
  b - an uncursed very burnt +3 cloak of magic resistance (being worn)
  v - a blessed +0 studded leather armor (being worn)
 Comestibles  ('%')
  t - an uncursed food ration
  N - an uncursed pancake
 Scrolls  ('?')
  F - an uncursed scroll of blank paper
  D - an uncursed scroll of earth
  K - an uncursed scroll of enchant weapon
  x - an uncursed scroll of fire
  E - an uncursed scroll of teleportation
 Potions  ('!')
  g - an uncursed potion of healing
  G - an uncursed potion of object detection
  h - an uncursed potion of see invisible
 Rings    ('=')
  e - an uncursed ring of regeneration (on right hand)
  A - an uncursed ring of see invisible
  u - an uncursed ring of shock resistance named Was Cursed...
  d - an uncursed ring of slow digestion (on left hand)
 Wands    ('/')
  z - a wand of lightning (0:6)
  J - a wand of secret door detection (0:15)
  c - a wand of teleportation (0:3)
 Tools    ('(')
  o - an uncursed wooden flute
  y - an uncursed brass lantern
  n - a magic marker (0:20)
  s - an uncursed skeleton key
 Gems/Stones  ('*')
  w - 2 uncursed worthless pieces of black glass
  H - 2 uncursed worthless pieces of red glass

BATTLEMODE the Wizard's attributes:

Background:
 You were a Thaumaturge, a level 6 female elven Wizard.
 You were chaotic, on a mission for Anhur
 who was opposed by Ptah (lawful) and Thoth (neutral).
 You were right-handed.
 You were in the Dungeons of Doom, on level 6.
 You entered the dungeon 2991 turns ago.
 You had 408 experience points, 232 more were needed to attain level 7.

Basics:
 You had 0 out of 48 hit points.
 You had 7 out of 63 energy points (spell power).
 Your armor class was 4.
 Your wallet contained 122 zorkmids.
 Autopickup was off.

Final Characteristics:
 Your strength was 14 (limit:18).
 Your dexterity was 10 (peak:11, limit:18).
 Your constitution was 13 (limit:16).
 Your intelligence was 19 (limit:20).
 Your wisdom was 10 (limit:20).
 Your charisma was 9 (limit:18).

Final Status:
 You were satiated.
 You were unencumbered.
 You were wielding a quarterstaff.
 You had basic skill with quarterstaff.

Final Attributes:
 You were piously aligned.
 You were magic-protected.
 You were sleep resistant.
 You had infravision.
 You regenerated.
 You had slower digestion.
 You were warded.
 You are dead.

Miscellaneous:
 You didn't encounter any bones levels.
 Total elapsed playing time was 1 hour, 23 minutes and 42 seconds.

Major events:
 Turn
    1: BATTLEMODE the chaotic female elven Wizard entered the dungeon
 1152: attained the rank of Conjurer (level 3)
 2358: consulted the Oracle
 2903: attained the rank of Thaumaturge (level 6)
 2991: killed by a soldier ant

Spells:
 Name                 Level Category     Fail Retention
 force bolt             1   attack         0%   81%-90%
 confuse monster        1   enchantment    0%   81%-90%
 remove curse           3   clerical      63%  76%-100%

Skills:
 Fighting Skills
   bare handed combat [Unskilled]
   riding             [Unskilled]
 Weapon Skills
   dagger             [Unskilled]
   knife              [Unskilled]
   axe                [Unskilled]
   short sword        [Unskilled]
   club               [Unskilled]
   mace               [Unskilled]
   quarterstaff       [Basic]
   polearms           [Unskilled]
   spear              [Unskilled]
   trident            [Unskilled]
   sling              [Unskilled]
   dart               [Unskilled]
   shuriken           [Unskilled]
 Spellcasting Skills
   attack spells      [Basic]
   healing spells     [Unskilled]
   divination spells  [Unskilled]
   enchantment spells [Basic]
   clerical spells    [Unskilled]
   escape spells      [Unskilled]
   matter spells      [Unskilled]

Voluntary challenges:
 Character rerolling was not enabled.
 You never genocided any monsters.
 You never polymorphed an object.
 You never changed form.
 You used no wishes.
Achievements:
 You attained the rank of Conjurer.
 You entered a shop.
 You consulted the Oracle of Delphi.
 You attained the rank of Thaumaturge.

 The Dungeons of Doom: levels 1 to 6
    Level 1:
       A sink.
    Level 2: "Spellbook stash middle"
    Level 3:
    Level 4: "Scroll/Spellbooks Shop and Altars"
       A scroll shop, many altars, a fountain.
    Level 5:
       Many fountains.
       Oracle of Delphi.
    Level 6: <- You were here.
       An altar, a fountain.
       Final resting place for
          you, killed by a soldier ant.


Vanquished creatures:
  a ghost
  a tengu
  2 wood nymphs
  2 Uruk-hai
  2 rock moles
  a gnome leader
  2 little dogs
  a kitten
  2 rothes
  a rabid rat
  a wererat
  a werejackal
  2 iguanas
  2 killer bees
  2 acid blobs
  3 coyotes
  a large kobold
  2 giant rats
  a red mold
  3 gnomes
  3 geckos
 12 jackals
  a kobold
  2 goblins
  4 grid bugs
  a bat
  2 lichens
  a kobold zombie
  5 newts
64 creatures vanquished.

No species were genocided or became extinct.

Game over:
                       ----------
                      /          \
                     /    REST    \
                    /      IN      \
                   /     PEACE      \
                  /                  \
                  |    BATTLEMODE    |
                  |      122 Au      |
                  |   killed by a    |
                  |   soldier ant    |
                  |                  |
                  |                  |
                  |       2026       |
                 *|     *  *  *      | *
        _________)/\\_//(\/(/\)/\//\/|_)_______

Goodbye BATTLEMODE the Wizard...

You died in The Dungeons of Doom on dungeon level 6 with 2465 points,
and 122 pieces of gold, after 2991 moves.
You were level 6 with a maximum of 48 hit points when you died.

